 BcadrenCrawl: Boulder Brew version 0.04.2-19-ga012a504bd (webtiles) character file.

Game seed: 17031860657781915330, levelgen mode: deterministic

6262 Ezendos the Party-goer (level 11, -4/86 HPs) Demonspawn. Began on May 18, 2021. Was a Believer of Uskayaw. Shot with an arrow by a centaur (6 damage) ... while paralysed ... on level 5 of the Dungeon. The game lasted 00:24:05 (5242 turns).

Ezendos the Party-goer (Human Demonspawn)           Turns: 5242, Time: 00:24:06

Health: -4/86      AC: 27    Str: 19    XL:     11 ^: 6503
Magic:  0/27       EV:  2    Int: 12    God:    Uskayaw [2* [65]]
Gold:   278        SH:  0    Dex: 12    Spells: 11/12 levels left

rFire    . . .     Vision   .   i - +3 hand crossbow (curse) {(Curse: *Slow)}
rCold    . . .     Gourm    .   a - +2 long sword (acid)
rNeg     + + +     Faith    .   w - +0 chain mail
rPois    ∞         Spirit   +   t - +0 hat
rElec    .         Reflect  .   (no cloak)
rCorr    .         Harm     .   (no gloves)
MR       .....                  (no boots)
Stlth    ..........             j - amulet of guardian spirit
HPRegen  0.38/turn              h - ring of magical power
MPRegen  0.37/turn              (no ring)

@: lethally poisoned (-4 -> -4), petrified
A: hooves 2, repulsion field 2, demonic guardian 1
a: Stomp, Line Pass, Renounce Religion


You were on level 5 of the Dungeon.
You worshipped Uskayaw.
Uskayaw was aware of your devotion.
You were very hungry.

You visited 2 branches of the dungeon, and saw 6 of its levels.

You collected 278 gold pieces.

Inventory:

Weapons
 a - a +2 long sword of caustic ooze (weapon)
 f - a +0 hunting sling
 i - a cursed +3 hand crossbow (weapon) {(Curse: *Slow)}
Armour
 t - a +0 hat (worn)
 w - a +0 chain mail (worn)
Jewellery
 h - a ring of magical power (left hand)
 j - an amulet of guardian spirit (around neck)
 l - a cursed ring of protection from magic {(Curse: rF-)}
 x - a ring of the Octopus King {AC+1 EV+1 Str+1 Int+1 Dex+1 Stlth+}
   (You took it off an orc priest on level 4 of the Dungeon)

   [ring of stealth]

   It affects your AC (+1).
   It affects your evasion (+1).
   It affects your strength (+1).
   It affects your intelligence (+1).
   It affects your dexterity (+1).
   It makes you more stealthy.
Wands
 b - a wand of flame (19)
 y - a wand of enslavement (2)
Scrolls
 c - a scroll of enchantment
 e - 3 scrolls of teleportation
 k - a scroll of acquirement
 r - 3 scrolls of amnesia
 s - 2 scrolls of bless item
 A - 2 scrolls of vulnerability
Potions
 g - a potion of cancellation
 m - 2 potions of brilliance
 n - 2 potions of might
 o - 2 potions of haste
 q - a potion of curing
 u - a potion of lignification
 v - 3 potions of mutation
 z - a potion of ambrosia
Comestibles
 d - 28 rations
 p - 15 chunks of flesh


   Skills:
 + Level 7.8 Fighting
 + Level 6.1 Long Blades
 + Level 4.8 Crossbows
 + Level 5.6 Armour
 - Level 6.0 Dodging
 - Level 2.0 Stealth
 - Level 1.0 Spellcasting
 - Level 2.0 Fire Magic
 + Level 10.2 Invocations


You had 11 spell levels left.
You knew the following spells:

 Your Spells              Type           Power        Failure   Level  Hunger
a - Flame Tongue          Fire           5 (30)       38%         1    ##.....

Your spell library contained the following spells:

 Spells                   Type           Power        Failure   Level  Hunger
 Conjure Flame            Fire           5 (100)      77%         3    ####...
 Blink                    Tloc           N/A          82%         2    ###....
 Call Imp                 Summ           0 (100)      82%         2    ###....
 Slow                     Hex            0 (100)      82%         2    ###....
 Mephitic Cloud           Pois/Air       0 (100)      96%         3    ####...


Dungeon Overview and Level Annotations

Branches:
Dungeon (5/8)              Temple (1/1) D:4            Lair (0/6) D:5

Altars:
Ashenzari
Cheibriados
Elyvilon
Fedhas Madash
Gozag Ym Sagoz
Kikubaaqudgha
Makhleb
Okawaru
Sif Muna
Trog
Uskayaw
Vehumet
Wu Jian
Xom
Zin

Annotations:
D:3 1 runed translucent door, Crazy Yiuf
D:5 1 exclusion


Innate Abilities, Weirdness & Mutations

You have hoof-like feet.
You are surrounded by a moderate repulsion field. (EV +3)
A weak demonic guardian rushes to your aid.


Message History

Your ufetubus hits the orc wizard (1). The killer bee misses your quasit (0).
The orc wizard hits you but does no damage.
The necrophage hits you but does no damage.
The killer bee misses your quasit (0). The orc closely misses your quasit (0).
The orc hits you but does no damage. The black bear misses your quasit (0).
The black bear claws your quasit but does no damage.
The black bear claws your quasit (1).
The orc wizard hits your quasit but does no damage.
Your quasit is splashed with acid (3).
The centaur wields an uncursed shortbow.
The centaur shoots an arrow.
Your quasit closely misses the orc warrior (0).
Your quasit barely misses the orc warrior (0). x2
The wyvern bites you but does no damage.
Your quasit bites the orc wizard (2).
Your quasit claws the orc wizard (1).
Your quasit closely misses the orc wizard (0).
The killer bee barely misses your ufetubus (0).
The sky beast completely misses your quasit (0).
The centaur shoots an arrow.
The arrow punctures you (7)!
You die...

...))##. .. .## ####....
... ..# ##o ..#.. ...##
.. #..# . . #.## .# ..
.##o####c.###.###.##
##y#..a.ra.o.........#
##c...gylFn@l5o........
##y.§g.†c5golHyy.......#
#gn§§oggoyyy5gyo.......#
##§.o...Zhyoyy..<.......#
......g5§..oY5oFyyo...##.
....#.y.§...^o.........#
.....§..§.....y.y....#.#
############...........#
#.†.######....


You could see a hippogriff, a hornet, 2 orc warriors, a black bear, a wyvern, a
sky beast, a necrophage, a gnoll sergeant, 2 bullfrogs, 2 centaurs, an iguana, a
porcupine, 2 worker ants, 13 killer bees, 2 orc priests, 2 orc wizards, a
quasit, 5 gnolls, 6 orcs, a leopard gecko, a bullfrog skeleton, 2 friendly
quasits and a friendly ufetubus.

Vanquished Creatures
  2 trolls (D:5)
  A hippogriff (D:5)
  A wyvern (D:5)
  5 yaks (D:5)
  A basilisk (D:5)
  A wolf spider zombie (D:4)
  A slime creature (D:2)
  3 orc warriors
  A necrophage (D:5)
  8 porcupines
  A phantom (D:5)
  A sky beast (D:4)
  An ogre (D:4)
  A crocodile (D:5)
  7 big kobolds
  3 bullfrogs
  5 howler monkeys
  5 killer bees
  6 orc priests
  5 hounds
  6 jellies (D:2)
  8 orc wizards
  4 iguanas
  4 worker ants
  A wyvern skeleton (D:4)
  13 giant cockroaches
  2 bullfrog zombies (D:4)
  Robin (D:2)
  5 bullfrog skeletons
  8 adders
  29 sewer rats (D:2)
  A worm (D:3)
  10 cinder newts
  5 oozes
  A dart slug (D:1)
  8 leopard geckos
  30 orcs
  9 bats
  A cinder newt skeleton (D:2)
  4 goblins (D:1)
  5 hobgoblins
  17 jackals
  2 quokkas (D:3)
  5 ball pythons
  A bat skeleton (D:2)
  A hobgoblin skeleton (D:2)
  34 kobolds
  A quokka skeleton (D:3)
  4 rats
  2 plants (D:5)
  6 withered plants (D:2)
287 creatures vanquished.

Vanquished Creatures (collateral kills)
  A black bear (D:5)
  A crocodile (D:5)
  3 orcs
  A ball python (D:3)
  A fungus (D:5)
7 creatures vanquished.

Vanquished Creatures (others)
  A jelly (D:2)
  A sewer rat (D:2)
  An orc (D:5)
  8 goblins (D:2)
  A hobgoblin (D:2)
  A jackal (D:2)
  A kobold (D:2)
  A kobold skeleton (D:2)
  A bush (D:5)
  A giant blowfly (D:5)
  A plant (D:5)
  86 withered plants (D:2)
104 creatures vanquished.

Grand Total: 398 creatures vanquished

Notes
Turn   | Place    | Note
-------+----------+-------------------------------------------
     0 | D:1      | Ezendos the Human Demonspawn began the quest for the Orb.
     0 | D:1      | Reached XP level 1. HP: 15/15 MP: 3/3
    84 | D:1      | Gained mutation: You have large cloven feet. [demonic
                  | ancestry]
    84 | D:1      | Reached XP level 2. HP: 15/21 MP: 4/4
    93 | D:1      | Reached XP level 3. HP: 21/27 MP: 5/5
   148 | D:1      | Reached skill level 1 in Armour
   213 | D:1      | Gained mutation: You are surrounded by a mild repulsion
                  | field. (EV +2) [demonic ancestry]
   213 | D:1      | Reached XP level 4. HP: 33/33 MP: 6/6
   362 | D:1      | Gained mutation: You have hoof-like feet. [demonic
                  | ancestry]
   362 | D:1      | Reached XP level 5. HP: 39/39 MP: 7/7
   784 | D:2      | Reached XP level 6. HP: 47/47 MP: 8/8
   965 | D:2      | Gained mutation: A weak demonic guardian rushes to your
                  | aid. [demonic ancestry]
   965 | D:2      | Reached XP level 7. HP: 44/53 MP: 9/9
  1431 | D:2      | Reached skill level 1 in Crossbows
  1507 | D:2      | Reached XP level 8. HP: 53/61 MP: 10/10
  1546 | D:2      | Identified a scroll of acquirement
  1628 | D:2      | Reached skill level 5 in Fighting
  1818 | D:2      | Noticed Robin
  1823 | D:2      | Killed Robin
  2012 | D:2      | Found a white marble altar of Elyvilon.
  2354 | D:2      | Reached skill level 5 in Dodging
  2563 | D:3      | Found a runed translucent door.
  2564 | D:3      | Noticed Crazy Yiuf
  2605 | D:3      | Reached XP level 9. HP: 69/69 MP: 11/11
  2691 | D:3      | Identified the cursed ring of Yvuykiemn {Wiz rElec rC+
                  | Slay-2 +Vis, (Curse: Fragile)}
  3230 | D:3      | Found a bloodstained altar of Trog.
  3907 | D:4      | Found an ancient bone altar of Kikubaaqudgha.
  3935 | D:4      | Reached skill level 5 in Long Blades
  3974 | D:4      | Found a staircase to the Ecumenical Temple.
  3976 | D:4      | Found the ring of the Octopus King {AC+1 EV+1 Str+1 Int+1
                  | Dex+1 Stlth+}
  3984 | Temple   | Entered the Ecumenical Temple
  4099 | Temple   | Became a worshipper of Uskayaw the Reveler
  4164 | D:4      | Reached * piety under Uskayaw
  4246 | D:4      | Reached ** piety under Uskayaw
  4360 | D:4      | Reached *** piety under Uskayaw
  4362 | D:4      | Reached **** piety under Uskayaw
  4364 | D:4      | Reached ***** piety under Uskayaw
  4367 | D:4      | Gained mutation: You are surrounded by a moderate repulsion
                  | field. (EV +3) [demonic ancestry]
  4367 | D:4      | Reached XP level 10. HP: 42/79 MP: 11/12
  4393 | D:4      | Reached skill level 4 in Invocations
  4598 | D:4      | Reached skill level 5 in Invocations
  4813 | D:4      | Reached skill level 6 in Invocations
  4893 | D:5      | Entered Level 5 of the Dungeon
  4895 | D:5      | Reached skill level 7 in Invocations
  4903 | D:5      | Reached skill level 8 in Invocations
  4920 | D:4      | Reached skill level 9 in Invocations
  5027 | D:5      | Reached skill level 5 in Armour
  5043 | D:5      | Reached XP level 11. HP: 44/84 MP: 6/18
  5056 | D:5      | Reached skill level 10 in Invocations
  5070 | D:5      | Found a staircase to the Lair.
  5242 | D:5      | HP: 2/86 [wyvern (9)]
  5242 | D:5      | Shot with an arrow by a centaur

Levels and vault maps discovered:
D:1:      minmay_arrival_wavy_path, layout_loops_ring, first_ration
D:2:      layout_sewer, elyvilon_niche, uniq_robin
D:3:      layout_basic, kennysheep_mini, bcadren_nooodl_food_pyramid,
          uniq_crazy_yiuf_cottage
D:4:      layout_loops_ring, kiku_gazebo_pond_becter,
          minmay_temple_entry_junction_2
D:5:      layout_rooms, minmay_lair_entry_grove, nrook_pool_corridor
Temple:   dshaligram_water_room_temple

Skill      XL: |  1  2  3  4  5  6  7  8  9 10 11 |
---------------+----------------------------------+-----
Fighting       | 2 3 4 5 7 |  7.8
Armour         | 1 2 3 4 5 |  5.6
Long Blades    | 3 4 5 6 |  6.1
Dodging        | 4 5 6 |  6.0
Crossbows      | 1 2 3 4 |  4.8
Invocations    | 9 10 | 10.2
Stealth        | |  2.0
Spellcasting   | |  1.0
Fire Magic     | |  2.0

Action                   |  1- 3 |  4- 6 |  7- 9 | 10-12 || total
-------------------------+-------+-------+-------+-------++-------
Melee: Long sword        |    17 |    47 |   216 |    40 ||   320
       Unarmed           |     8 |       |       |       ||     8
       Kick              |     1 |     5 |    47 |     6 ||    59
 Fire: Hunting sling     |     1 |   119 |       |       ||   120
       Hand crossbow     |       |       |   125 |    58 ||   183
Invok: Stomp             |       |       |     2 |     8 ||    10
       Line Pass         |       |       |       |     5 ||     5
  Use: Potion            |       |       |     3 |       ||     3
       Scroll            |       |       |       |     1 ||     1
 Stab: Sleeping          |       |       |     1 |       ||     1
       Distracted        |       |       |     1 |       ||     1
       Paralysed         |       |       |     1 |     1 ||     2
       Confused          |       |       |       |     1 ||     1
  Eat: Chunk             |       |       |    13 |     4 ||    17
Armor: Leather armour    |     3 |     4 |    21 |       ||    28
       Chain mail        |       |       |    24 |    65 ||    89
       Scale mail        |       |       |    11 |       ||    11
       Skin              |       |       |     2 |       ||     2
Dodge: Dodged            |     9 |    51 |   210 |    77 ||   347
       Rpst.: Long sword |     4 |    17 |    70 |    17 ||   108
